 Dungeon Crawl Stone Soup version 0.30-a0-808-g6e0788376e (webtiles) character file.

Game seed: 10187476385559334866

3963 bmack86 the Cleaver (level 10, -6/88 HPs)
             Began as a Minotaur Fighter on Feb 26, 2023.
             Was a Follower of Okawaru.
             Mangled by a troll (11 damage)
             ... on level 9 of the Dungeon.
             The game lasted 00:25:59 (7403 turns).

bmack86 the Cleaver (Minotaur Fighter)              Turns: 7403, Time: 00:26:00

Health: -6/88      AC: 17    Str: 24    XL:     10   Next: 2%
Magic:  10/10      EV:  6    Int:  5    God:    Okawaru [*.....]
Gold:   441        SH:  5    Dex: 11    Spells: 9/9 levels left

rFire   . . .      SeeInvis .    a - +1 war axe
rCold   + . .      Faith    .    c - +0 buckler
rNeg    . . .      Spirit   .    z - +0 plate armour
rPois   +          Reflect  .    (helmet restricted)
rElec   .          Harm     .    (no cloak)
rCorr   .          Rampage  .    (no gloves)
Will    +....                    (no boots) Stlth
                                 D - amulet of regeneration
HPRegen 1.14/turn                e - +4 ring of protection
MPRegen 0.12/turn                j - ring of Ifrel {rPois rC+ Will+}

@: no status effects
A: horns 2, retaliatory headbutt
a: Renounce Religion, Heroism


You were on level 9 of the Dungeon.
You worshipped Okawaru.
Okawaru was aware of your devotion.
You visited 2 branches of the dungeon, and saw 10 of its levels.

You collected 441 gold pieces.

Inventory:

Hand Weapons
 a - a +1 war axe (weapon)
Missiles
 b - 2 throwing nets
 l - 14 poisoned darts
 u - 3 boomerangs (quivered)
Armour
 c - a +0 buckler (worn)
 z - a +0 plate armour (worn)
 G - a +4 scale mail
Jewellery
 e - a +4 ring of protection (left hand)
 g - a ring of magical power
 j - the ring of Ifrel (right hand) {rPois rC+ Will+}
   (You found it on level 7 of the Dungeon)

   [ring of protection from cold]

   rC:        It protects you from cold.
   rPois:     It protects you from poison.
   Will:      It increases your willpower.
 o - a ring of see invisible
 D - an amulet of regeneration (around neck)
 E - a ring of ice
 F - a ring of flight
Wands
 y - a wand of roots (9)
Scrolls
 f - 4 scrolls of teleportation
 h - a scroll of blinking
 i - 2 scrolls of noise
 k - a scroll of amnesia
 n - a scroll of immolation
 p - a scroll of enchant weapon
 s - 2 scrolls of silence
 v - 2 scrolls of magic mapping
 w - 2 scrolls of enchant armour
Potions
 m - 2 potions of flight
 q - 2 potions of brilliance
 t - 2 potions of curing
 x - a potion of ambrosia
 A - 2 potions of invisibility
 B - 3 potions of haste
 C - a potion of lignification
 H - a potion of magic


   Skills:
 + Level 7.9 Fighting
 * Level 10.3 Axes
 + Level 5.1 Throwing
 + Level 7.9 Armour
 + Level 7.9 Shields
 + Level 2.3 Invocations


You had 9 spell levels left.
You didn't know any spells.
Your spell library contained the following spells:

 Spells                   Type           Power      Damage    Failure   Level
 Vhi's Electric Charge    Tloc/Air       0%         N/A       100%        3
 Arcjolt                  Conj/Air       0%         1d10      100%        5
 Eringya's Noxious Bog    Tmut/Pois      0%         N/A       100%        6
 Maxwell's Capacitive Co  Air            0%         ∞         100%        8
 Summon Forest            Summ/Tloc      Unusable   N/A       N/A         5
 Summon Hydra             Summ           Unusable   N/A       N/A         7

Dungeon Overview and Level Annotations

Branches:
Dungeon (9/15)             Temple (1/1) D:7
   Lair: D:8-11         Orc: D:9-12

Altars:
Ashenzari
Cheibriados
Dithmenos
Elyvilon
Fedhas
Gozag
Hepliaklqana
Kikubaaqudgha
Makhleb
Nemelex Xobeh
Okawaru
Qazlal
Ru
Trog
Uskayaw
Vehumet
Wu Jian
Xom
Yredelemnul
Zin
The Shining One


Innate Abilities, Weirdness & Mutations

You have a pair of horns on your head.
You reflexively headbutt those who attack you in melee.


Message History

You barely miss the troll.
The troll is severely wounded.
You hit the troll. You miss the hound. You block the hound's attack.
You block the troll's attack. The troll claws you but does no damage.
The troll claws you. The troll bites you but does no damage.
The troll claws you. The troll barely misses you. You block the hound's attack.
You closely miss the troll. You headbutt the troll!
The troll is almost dead.
You barely miss the troll. You slash the hound!
The hound bites you but does no damage.
An electric eel comes into view.
You block the troll's attack. The troll barely misses you.
You block the troll's attack. The troll bites you but does no damage.
The troll barely misses you. x2; The hound bites you but does no damage.
The hound bites you but does no damage. The hound attacks as you move away!
The hound bites you but does no damage. The hound bites you but does no damage.
The electric eel shoots out a bolt of lightning at you!
The bolt of electricity hits you. The hound bites you but does no damage.
The troll bites you!
* * * LOW HITPOINT WARNING * * *
The troll claws you but does no damage. x2; You block the hound's attack.
You closely miss the hound. You headbutt the hound.
You kill the hound!
Okawaru accepts your kill.
You hit the troll. You slash the troll! Your headbutt misses the troll.
The troll is heavily wounded.
You completely miss the troll. The troll bites you!
* * * LOW HITPOINT WARNING * * *
The troll claws you!
* * * LOW HITPOINT WARNING * * *
You block the troll's attack. The troll bites you.
* * * LOW HITPOINT WARNING * * *
The troll claws you but does no damage. The troll claws you.
* * * LOW HITPOINT WARNING * * *
You slash the troll! You headbutt the troll.
The troll is almost dead.
You slash the troll! The troll bites you!
You die...

###.#.##.# #####
#........#
#.#...####
##...####
#.......#
#.#.###.# #)...#
# #....# #T@..#
##T##.#..#
#........#
#............
#....[.........
#....~.S.S~..~~
#...≈~.~.~S≈.≈.
...~≈~≈.~.~≈≈≈~~
###..~≈≈~~.~≈≈~


You could see 2 trolls.

Vanquished Creatures
  A two-headed ogre (D:8)
  A cyclops (D:7)
  A yak (D:7)
  2 ice beasts (D:7)
  2 black bears
  2 orc warriors (D:8)
  A sky beast (D:8)
  An ogre (D:6)
  2 centaurs
  A phantom (D:4)
  A kobold brigand (D:8)
  A necrophage (D:6)
  3 gnoll sergeants
  4 bullfrogs
  A scorpion (D:5)
  3 wights (D:9)
  2 vampire bats (D:6)
  3 orc priests
  2 jellies (D:6)
  6 hounds
  2 gnoll boudas
  3 iguanas
  5 orc wizards
  27 gnolls
  3 adders
  A shadow imp (D:7)
  2 white imps (D:6)
  An ufetubus (D:6)
  2 worms
  A dart slug (D:3)
  23 orcs
  9 bats
  3 bat skeletons (D:6)
  3 bat zombies (D:6)
  7 endoplasms
  A giant cockroach (D:2)
  10 goblins
  8 hobgoblins
  2 jackals (D:2)
  2 quokkas
  6 ball pythons
  6 frilled lizards
  17 kobolds
  6 rats
190 creatures vanquished.

Vanquished Creatures (others)
  5 plants
5 creatures vanquished.

Grand Total: 195 creatures vanquished

Notes
Turn   | Place    | Note
-------+----------+-------------------------------------------
     0 | D:1      | bmack86 the Minotaur Fighter began the quest for the Orb.
     0 | D:1      | Reached XP level 1. HP: 19/19 MP: 0/0
   419 | D:1      | Reached XP level 2. HP: 27/27 MP: 1/1
   549 | D:1      | Reached skill level 3 in Axes
   967 | D:2      | Found a faded altar of an unknown god.
   979 | D:2      | Reached XP level 3. HP: 33/33 MP: 2/2
  1064 | D:2      | Reached XP level 4. HP: 3/40 MP: 3/3
  1712 | D:3      | Reached skill level 4 in Axes
  1758 | D:3      | Noticed a gnoll sergeant
  1764 | D:3      | Killed a gnoll sergeant
  1765 | D:3      | Reached XP level 5. HP: 40/47 MP: 4/4
  2175 | D:3      | Reached skill level 5 in Axes
  2635 | D:4      | Noticed a centaur
  2644 | D:4      | Killed a centaur
  2645 | D:4      | Reached skill level 1 in Throwing
  2645 | D:4      | Reached skill level 5 in Shields
  2645 | D:4      | Reached XP level 6. HP: 51/55 MP: 5/5
  2706 | D:4      | Reached skill level 5 in Fighting
  2706 | D:4      | Reached skill level 5 in Armour
  3456 | D:5      | Entered Level 5 of the Dungeon
  3641 | D:5      | Reached skill level 6 in Axes
  3641 | D:5      | Reached XP level 7. HP: 40/61 MP: 6/6
  4610 | D:6      | Reached skill level 7 in Axes
  4715 | D:6      | Reached XP level 8. HP: 66/70 MP: 7/7
  4848 | D:6      | Found an ancient bone altar of Kikubaaqudgha.
  5277 | D:7      | Noticed a cyclops
  5289 | D:7      | Killed a cyclops
  5290 | D:7      | Reached skill level 8 in Axes
  5395 | D:7      | Found a glowing silver altar of Zin.
  5447 | D:7      | Reached XP level 9. HP: 67/78 MP: 8/8
  5766 | D:7      | Reached skill level 9 in Axes
  5921 | D:7      | Found a staircase to the Ecumenical Temple.
  5956 | Temple   | Entered the Ecumenical Temple
  6050 | Temple   | Became a worshipper of Warmaster Okawaru
  6443 | D:8      | Identified the +9 rapier "Saohecs" {venom, rN++ MP+9}
  6593 | D:7      | Identified the ring of Ifrel {rPois rC+ Will+}
  6676 | D:8      | Found a basalt altar of Yredelemnul.
  6676 | D:8      | Found an ornate altar of the Wu Jian Council.
  6715 | D:9      | Reached skill level 1 in Invocations
  6868 | D:8      | Noticed a two-headed ogre
  6877 | D:8      | Killed a two-headed ogre
  6877 | D:8      | Reached * piety under Okawaru
  6878 | D:8      | Reached skill level 10 in Axes
  6878 | D:8      | Reached skill level 5 in Throwing
  7079 | D:8      | Reached XP level 10. HP: 84/88 MP: 10/10
  7402 | D:9      | HP: 4/88 [troll (1)]
  7403 | D:9      | Mangled by a troll

Illustrated notes

Levels and vault maps discovered:
D:1:      dpeg_arrival_arbitrary_a, layout_basic, serial_rivers,
          chequers_serial_rivers_micro_d, chequers_serial_rivers_small_b,
          chequers_serial_rivers_room_b, chequers_serial_rivers_micro_b
D:2:      layout_basic, basic_ecumenical_altar, moated_statue,
          nicolae_grassy_gnolls
D:3:      layout_loops_corners, grunt_ministairs_2
D:4:      layout_basic
D:5:      layout_basic
D:6:      layout_basic, kennysheep_vampire_church, serial_glass,
          glass_columns_a, glass_columns_a, grunt_tough_drop
D:7:      lemuel_ice_spiral_2, layout_basic, zin_statuary,
          minmay_temple_entry_overgrown, st_stairs_5, serial_bayou_pond_e
D:8:      layout_rooms, nicolae_overflow_hidden_temple
D:9:      layout_loops_cross, mainiacjoe_overflow_concentric_impassable,
          erik_lair_island, lightli_corner_chamber, uniq_erolcha
Temple:   minmay_temple_bridge_d

Skill      XL: |  1  2  3  4  5  6  7  8  9 |
---------------+----------------------------+-----
Axes           | 3 4 5 6 7 8 10 | 10.3
Shields        | 4 5 6 7 |  7.9
Fighting       | 4 5 6 7 |  7.9
Armour         | 4 5 6 7 |  7.9
Throwing       | 1 2 4 5 |  5.1
Invocations    | 2 |  2.3

Action                     |  1- 3 |  4- 6 |  7- 9 | 10-12 || total
---------------------------+-------+-------+-------+-------++-------
  Melee: War axe           |    71 |   137 |   229 |    11 ||   448
         Headbutt          |     9 |    18 |    51 |     6 ||    84
  Throw: Dart              |       |     3 |       |       ||     3
         Boomerang         |       |    14 |     7 |       ||    21
    Use: Scroll            |     1 |     6 |    18 |       ||    25
         Potion            |       |     1 |     3 |       ||     4
 Armour: Scale mail        |    53 |    16 |    83 |       ||   152
         Chain mail        |       |    97 |    21 |       ||   118
         Plate armour      |       |       |    59 |    26 ||    85
  Dodge: Dodged            |    44 |    78 |    89 |    11 ||   222
  Block: Buckler           |    22 |    38 |    95 |    11 ||   166

Table legend: (Time is in decaauts)
 A = Elapsed time spent in this place.
 B = Non-inter-level travel time spent in this place.
 C = Inter-level travel time spent in this place.
 D = Time resting spent in this place.
 E = Time spent auto-exploring this place.
 F = Levels seen in this place.
 G = Mean time per level.
                   A        B        C        D        E       F      G
               +--------+--------+--------+--------+--------+-----+--------+
         Total |   7501 |   7049 |    452 |    270 |   4412 |  10 |  750.1 |
       Dungeon |   7337 |   6982 |    355 |    270 |   4351 |   9 |  815.2 |
        Temple |    163 |     66 |     97 |      0 |     61 |   1 |  163.0 |
               +--------+--------+--------+--------+--------+-----+--------+

Top non-repeatable levels by time:
     D:7: 1250 daAuts
     D:5: 1098 daAuts
     D:3: 963 daAuts
     D:1: 931 daAuts
     D:4: 857 daAuts
     D:2: 769 daAuts
     D:6: 654 daAuts
     D:8: 594 daAuts
     D:9: 216 daAuts
  Temple: 163 daAuts
